 Dungeon Crawl Stone Soup version 0.29.1-2-gbd0b4ee654 (webtiles) character file.

Game seed: 3328823805245793257

1014 styxcanada the Covert (level 8, 0/39 HPs)
             Began as a Spriggan Brigand on Nov 1, 2022.
             Slain by a bullfrog zombie (5 damage)
             ... in an ossuary.
             The game lasted 00:22:46 (6416 turns).

styxcanada the Covert (Spriggan Brigand)            Turns: 6416, Time: 00:22:47

Health: 0/39       AC:  4    Str:  7    XL:     8   Next: 1%
Magic:  12/12      EV: 19    Int: 13    God:
Gold:   305        SH:  0    Dex: 18    Spells: 5/11 levels left

rFire   . . .      SeeInvis +   u - +2 short sword (drain)
rCold   . . .      Faith    .   (no shield)
rNeg    . . .      Spirit   .   b - +1 robe
rPois   .          Reflect  .   (helmet restricted)
rElec   .          Harm     .   c - +0 cloak
rCorr   +          Rampage  .   (gloves unavailable)
Will    +....                   (boots unavailable)
Stlth   +++++.....              i - amulet of magic regeneration
HPRegen 0.13/turn               v - ring of wizardry
MPRegen 0.53/turn               y - ring of resist corrosion

@: very quick
A: very small, no large weapons, unfitting armour, see invisible, speed 3
a: no special abilities


You were in an ossuary.
You visited 2 branches of the dungeon, and saw 7 of its levels.
You also visited: Ossuary.

You collected 319 gold pieces.
You spent 14 gold pieces at shops.

Inventory:

Hand Weapons
 a - a +2 dagger
 t - a +0 dagger of venom
 u - a +2 short sword of draining (weapon)
 x - a +1 dagger of venom
Missiles
 d - 9 poisoned darts (quivered)
 h - 56 stones
 o - 5 curare-tipped darts
 C - 3 boomerangs
Armour
 b - a +1 robe (worn)
 c - a +0 cloak (worn)
Jewellery
 e - the ring "Zimeturu" {Will+ Slay+4 Stlth-}
   (You found it on level 3 of the Dungeon)

   [ring of willpower]

   Slay:      It affects your accuracy & damage with ranged weapons and melee
   (+4).
   Will:      It increases your willpower.
   Stlth:     It makes you less stealthy.
 i - an amulet of magic regeneration (around neck)
 v - a ring of wizardry (left hand)
 y - a ring of resist corrosion (right hand)
Wands
 q - a wand of paralysis (2)
 w - a wand of polymorph (13)
 A - a wand of mindburst (11)
 B - a wand of flame (40)
Scrolls
 m - 4 scrolls of amnesia
 E - a scroll of identify
 F - a scroll of silence
 G - a scroll of teleportation
 H - a scroll of magic mapping
Potions
 f - a potion of lignification
 g - a potion of brilliance
 k - 6 potions of mutation
 l - a potion of curing
 n - 3 potions of might
 p - a potion of invisibility
 r - 2 potions of ambrosia
 s - a potion of berserk rage
 z - a potion of flight {unknown}
 D - a potion of haste {unknown}


   Skills:
 * Level 2.8 Fighting
 + Level 3.4 Short Blades
 + Level 3.7 Throwing
 * Level 4.7 Dodging
 * Level 10.1 Stealth
 * Level 2.4 Spellcasting
 * Level 1.0 Conjurations
 * Level 1.3 Hexes
 * Level 1.6 Summonings
 * Level 1.1 Ice Magic


You had 5 spell levels left.
You knew the following spells:

 Your Spells              Type           Power      Damage    Failure   Level
a - Call Canine Familiar  Summ           5%         N/A       16%         3
b - Magic Dart            Conj           16%        1d3       6%          1
c - Ensorcelled Hibernat  Hex/Ice        8%         N/A       9%          2

Your spell library contained the following spells:

 Spells                   Type           Power      Damage    Failure   Level
 Searing Ray              Conj           8%         2d4       10%         2
 Passwall                 Tmut/Erth      0%         N/A       16%         2
 Tukima's Dance           Hex            5%         N/A       16%         3
 Portal Projectile        Hex/Tloc       6%         N/A       22%         3
 Swiftness                Air            1%         N/A       28%         3
 Fulminant Prism          Conj/Hex       2%         3d6       50%         4
 Leda's Liquefaction      Hex/Erth       1%         N/A       56%         4
 Blade Hands              Tmut           0%         N/A       92%         5


Dungeon Overview and Level Annotations

Branches:
Dungeon (6/15)             Temple (1/1) D:5         Ossuary (1/1)

Altars:
Cheibriados
Fedhas
Hepliaklqana
Kikubaaqudgha
Makhleb
Nemelex Xobeh
Qazlal
Ru
Sif Muna
Trog
Vehumet
Xom

Shops:
D:3 !   D:4 *   D:5 (


Innate Abilities, Weirdness & Mutations

You are very small and have problems with some larger weapons.
You are too small for most types of armour.
You have supernaturally acute eyesight. (SInv)
You cover ground extremely quickly. (Speed+++)


Message History

The wyvern zombie is almost destroyed.
The wyvern zombie misses you.
You barely miss the wyvern zombie.
The wyvern zombie is almost destroyed.
The wyvern zombie barely misses you.
You hit the wyvern zombie.
You destroy the wyvern zombie!
Your Conjurations skill increases to level 1!
You have reached level 8!
You hit the bullfrog zombie but do no damage.
The bullfrog zombie is moderately damaged.
The bullfrog zombie closely misses you.
You barely miss the bullfrog zombie.
The bullfrog zombie is moderately damaged.
The bullfrog zombie hits you.
You closely miss the bullfrog zombie.
The bullfrog zombie is moderately damaged.
The bullfrog zombie barely misses you.
The bullfrog zombie hits you but does no damage.
You barely miss the bullfrog zombie.
The bullfrog zombie is moderately damaged.
The bullfrog zombie barely misses you.
You hit the bullfrog zombie.
The bullfrog zombie is heavily damaged.
The bullfrog zombie completely misses you.
You barely miss the bullfrog zombie.
The bullfrog zombie is heavily damaged.
The bullfrog zombie hits you.
* * * LOW HITPOINT WARNING * * *
You hit the bullfrog zombie.
The bullfrog zombie is heavily damaged.
The bullfrog zombie hits you.
* * * LOW HITPOINT WARNING * * *
You barely miss the bullfrog zombie.
The bullfrog zombie is heavily damaged.
The bullfrog zombie misses you.
You barely miss the bullfrog zombie.
The bullfrog zombie is heavily damaged.
The bullfrog zombie hits you.
You die...

##### ##### # #...#
#∩..# ~≈ #.?.###.∩.#
~~≈ #...#.#.@.# Z.~≈
###.##'##~##Z##~~###
#.'..~.Z~~~~~~~~..~≈
###+#'#.≈.#~~~~.##~#
#.~P~.#.#P#.#
##~####~##~## #≈#
### ≈≈≈ #≈ ≈##≈ ##
#≈ ≈#


You could see a bullfrog zombie.

Vanquished Creatures
  Sigmund (D:2)
  An ice beast (D:6)
  A phantom (D:4)
  A scorpion (D:5)
  A wyvern zombie (Ossuary)
  3 bullfrog zombies (Ossuary)
  A hound (D:4)
  4 mummies (Ossuary)
  Jessica (D:3)
  Natasha (twice) (D:3)
  2 iguanas (D:5)
  Ijyb (D:3)
  2 orc wizards (D:4)
  A killer bee zombie (Ossuary)
  Robin (D:3)
  5 adders
  A shadow imp (D:5)
  A white imp (D:4)
  An ufetubus (D:6)
  A worm (D:2)
  9 orcs
  5 endoplasms
  3 giant cockroaches
  16 goblins
  7 hobgoblins
  A quokka (D:1)
  2 ball pythons (D:1)
  A bat (D:1)
  4 frilled lizards
  A goblin zombie (D:6)
  7 kobolds
  4 rats
  A rat zombie (D:6)
93 creatures vanquished.

Vanquished Creatures (others)
  34 plants (D:3)
  3 withered plants (Ossuary)
37 creatures vanquished.

Grand Total: 130 creatures vanquished

Notes
Turn   | Place    | Note
-------+----------+-------------------------------------------
     0 | D:1      | styxcanada the Spriggan Brigand began the quest for the
                  | Orb.
     0 | D:1      | Reached XP level 1. HP: 10/10 MP: 2/2
   165 | D:1      | Reached skill level 6 in Stealth
   231 | D:1      | Reached XP level 2. HP: 14/15 MP: 3/3
  1105 | D:2      | Noticed Sigmund
  1110 | D:2      | Killed Sigmund
  1111 | D:2      | Reached skill level 8 in Stealth
  1111 | D:2      | Reached XP level 3. HP: 18/18 MP: 4/4
  1111 | D:2      | Reached XP level 4. HP: 23/23 MP: 5/5
  1111 | D:2      | Reached XP level 5. HP: 26/26 MP: 6/6
  2330 | D:3      | Noticed Natasha
  2330 | D:3      | Found Oload Dyxau's Distillery.
  2337 | D:3      | Bought a potion of degeneration for 14 gold pieces
  2360 | D:3      | Killed Natasha
  2361 | D:3      | Reached skill level 9 in Stealth
  2550 | D:3      | Noticed Robin
  2614 | D:3      | Identified the ring "Zimeturu" {Will+ Slay+4 Stlth-}
  2615 | D:3      | Killed Robin
  2906 | D:3      | Learned a level 3 spell: Call Canine Familiar
  3061 | D:3      | Noticed Natasha
  3076 | D:3      | Killed Natasha
  3077 | D:3      | Reached XP level 6. HP: 22/30 MP: 6/8
  3343 | D:3      | Noticed Jessica
  3354 | D:3      | Found a shimmering blue altar of Sif Muna.
  3359 | D:3      | Noticed Ijyb
  3367 | D:3      | Paralysed by Ijyb for 2 turns
  3393 | D:3      | Killed Ijyb
  3394 | D:3      | Reached skill level 1 in Spellcasting
  3406 | D:3      | Killed Jessica
  3616 | D:4      | Found Tyxkyul's Assorted Antiques.
  3783 | D:4      | Learned a level 1 spell: Magic Dart
  4042 | D:4      | Found a stormy altar of Qazlal.
  4650 | D:4      | Learned a level 2 spell: Ensorcelled Hibernation
  4739 | D:4      | Reached XP level 7. HP: 34/34 MP: 10/10
  5018 | D:5      | Entered Level 5 of the Dungeon
  5095 | D:5      | Reached skill level 1 in Summonings
  5122 | D:5      | Found Fistrelun's Weapon Emporium.
  5372 | D:5      | Found a blossoming altar of Fedhas.
  5394 | D:5      | Found a staircase to the Ecumenical Temple.
  5400 | Temple   | Entered the Ecumenical Temple
  6023 | D:6      | Reached skill level 1 in Hexes
  6239 | D:6      | Found a sand-covered staircase.
  6258 | Ossuary  | Entered an ossuary
  6299 | Ossuary  | Reached skill level 10 in Stealth
  6386 | Ossuary  | Reached skill level 1 in Ice Magic
  6408 | Ossuary  | Reached skill level 1 in Conjurations
  6408 | Ossuary  | Reached XP level 8. HP: 16/39 MP: 12/12
  6416 | Ossuary  | Slain by a bullfrog zombie

Illustrated notes

Levels and vault maps discovered:
D:1:      sevenhm_arrival_forest_fort_large_3, layout_basic,
          dreamdust_wishing_well
D:2:      layout_basic, dreamdust_mushroom_princess, kennysheep_generic_room_8,
          uniq_sigmund
D:3:      layout_rooms, tgw_sif, serial_shops, nicolae_square_shop,
          serial_bayou, serial_bayou_pond_a, serial_bayou_shore_b,
          serial_bayou_lagoon_a, serial_bayou_ford_a, uniq_robin, uniq_jessica,
          uniq_ijyb, uniq_natasha
D:4:      layout_basic, grunt_qazlal_sundering, serial_shops, shop
D:5:      layout_basic, fedhas_altar_1, temple_fountains, serial_shops,
          nicolae_shop_bloodbath_and_beyond
D:6:      layout_basic, enter_ossuary_4, uniq_eustachio
Temple:   hellmonk_temple_beads
Ossuary:  ossuary_zaba_flooded

Skill      XL: |  1  2  3  4  5  6  7 |
---------------+----------------------+-----
Stealth        | 6 8 9 10 | 10.1
Dodging        | 2 3 4 |  4.7
Fighting       | 2 |  2.8
Spellcasting   | 1 2 |  2.4
Short Blades   | 3 |  3.4
Throwing       | 3 |  3.7
Summonings     | 1 |  1.6
Hexes          | 1 |  1.3
Ice Magic      | 1 |  1.1
Conjurations   | 1 |  1.0

Action                   |  1- 3 |  4- 6 |  7- 9 || total
-------------------------+-------+-------+-------++-------
Melee: Dagger            |    46 |   124 |    56 ||   226
       Punch             |       |     2 |     2 ||     4
       Short sword       |       |     2 |    77 ||    79
Throw: Dart              |     5 |    54 |    10 ||    69
       Stone             |       |     1 |       ||     1
Evoke: Wand              |       |       |     2 ||     2
  Use: Scroll            |       |    15 |     5 ||    20
       Potion            |       |       |     2 ||     2
 Stab: Sleeping          |     8 |    10 |     5 ||    23
       Distracted        |     1 |       |       ||     1
Armor: Robe              |     5 |    11 |     8 ||    24
Dodge: Dodged            |    29 |    68 |   119 ||   216
